 Dungeon Crawl Stone Soup version 0.25-a0-578-gc91f01c39c (webtiles) character file.

Game seed: 837234131056437579, levelgen mode: classic

34 EnegeticOcto the Covered (level 3, -7/34 HPs)
             Began as a Deep Dwarf Fighter on Mar 3, 2020.
             Mangled by a crocodile (8 damage)
             ... in a sewer.
             The game lasted 00:00:35 (419 turns).

EnegeticOcto the Covered (Deep Dwarf Fighter)        Turns: 419, Time: 00:00:35

Health: -7/34      AC:  9    Str: 20    XL:     3   Next: 14%
Magic:  3/3        EV:  5    Int:  8    God:
Gold:   25         SH: 13    Dex: 12    Spells: 2/2 levels left

rFire    . . .     SeeInvis .   a - +0 war axe
rCold    + . .     Gourm    .   c - +0 kite shield
rNeg     . . .     Faith    .   j - +0 chain mail
rPois    .         Spirit   .   (no helmet)
rElec    .         Reflect  +   (no cloak)
rCorr    .         Harm     .   (no gloves)
MR       .....                  (no boots)
Stlth    ..........             d - +4 amulet of reflection
HPRegen  0.00/turn              (no ring)
MPRegen  0.08/turn              i - ring of protection from cold

@: non-regenerating
A: damage resistance, heal wounds, sense surroundings 1, no regeneration
a: Heal Wounds


You were in a sewer.
You were not hungry.

You visited 1 branch of the dungeon, and saw 3 of its levels.
You also visited: Sewer.

You collected 25 gold pieces.

Inventory:

Hand Weapons
 a - a +0 war axe (weapon)
Armour
 c - a +0 kite shield (worn)
 j - a +0 chain mail (worn)
Jewellery
 d - a +4 amulet of reflection (around neck)
 i - a ring of protection from cold (right hand)
Scrolls
 b - a scroll of teleportation {unknown}
 g - a scroll of immolation {unknown}
Potions
 f - a potion of curing {unknown}
 k - a potion of might {@q3}
 l - a potion of flight {unknown}
 m - a potion of heal wounds {unknown}
Comestibles
 e - 4 rations
 h - 2 chunks of flesh


   Skills:
 * Level 3.1 Fighting
 * Level 2.9 Axes
 + Level 3.5 Armour
 + Level 3.5 Shields


You had 2 spell levels left.
You didn't know any spells.
Your spell library was empty.

Dungeon Overview and Level Annotations

Branches:
Dungeon (3/15)              Sewer (1/1)

Altars:


Innate Abilities, Weirdness & Mutations

You are resistant to damage.
You can heal yourself by infusing magical energy.
You passively map a small area around you.
You do not regenerate.


Message History

Found a gate leading back out of this place.
There is an empty arch of ancient stone here.
A jackal and a kobold come into view.
The jackal barks!
The kobold shouts!
You hear a shout!
A jackal comes into view.
Found a puce potion.
There are monsters nearby!
There are monsters nearby!
There are monsters nearby!
You slash the jackal!
You kill the jackal!
You have reached level 3!
Your experience leads to an increase in your attributes!
Increase (S)trength, (I)ntelligence, or (D)exterity?
You feel stronger. 2 kobolds come into view.
The kobold shouts!
You block the kobold's attack. You block the jackal's attack.
Found a ration.
You hit the kobold but do no damage. You completely miss the jackal.
You block the jackal's attack. You block the kobold's attack.
The jackal barely misses you.
You hit the kobold.
You kill the kobold!
Your shield and chain mail prevent you from hitting the jackal.
You block the jackal's attack. x2; The kobold hits you but does no damage.
Your shield and chain mail prevent you from hitting the kobold.
You hit the jackal but do no damage. You block the jackal's attack.
The kobold hits you but does no damage. The jackal barely misses you.
You closely miss the kobold. You slash the kobold!
You kill the kobold!
You closely miss the jackal. You block the jackal's attack.
The kobold hits you but does no damage. You block the jackal's attack.
You block the kobold's attack.
You hit the kobold.
The kobold is moderately wounded.
You hit the jackal.
You block the jackal's attack. x2; The kobold hits you.
You hit the jackal.
You kill the jackal!
You completely miss the kobold.
The kobold splashes around in the water.
You block the kobold's attack.
Your shield and chain mail prevent you from hitting the kobold.
You block the kobold's attack.
You hit the kobold.
You kill the kobold!
No target in view!
No target in view!
No target in view!
No target in view!
No target in view!
No target in view!
No target in view!
No target in view!
No target in view!
No target in view!
You butcher the jackal corpse.
h - 2 chunks of flesh You see here a jackal skeleton. x2
l - a puce potion
e - 4 rations (gained 1)
m - a bubbling cyan potion You enter the shallow water.
Moving in this stuff is going to be slow.
You enter the shallow water.
Moving in this stuff is going to be slow.
You enter the shallow water.
Moving in this stuff is going to be slow.
A crocodile comes into view.
Found a runed flail and a scroll labeled UPAITA HOATU.
A crocodile is nearby!
A crocodile is nearby!
Found 7 gold pieces.
You block the crocodile's attack.
Found 16 gold pieces.
Your chain mail prevents you from hitting the crocodile.
The crocodile bites you!
The crocodile bites you but does no damage.
You hit the crocodile but do no damage. You block the crocodile's attack.
You hit the crocodile.
The crocodile is lightly wounded.
The crocodile bites you but does no damage. x2
You slash the crocodile!
The crocodile is moderately wounded.
The crocodile barely misses you.
You hit the crocodile.
The crocodile is heavily wounded.
You block the crocodile's attack.
You hit the crocodile but do no damage.
The crocodile is heavily wounded.
The crocodile bites you!
* * * LOW HITPOINT WARNING * * *
The crocodile bites you.
* * * LOW HITPOINT WARNING * * *
You are too injured to fight recklessly!
You are too injured to fight recklessly!
You are too injured to fight recklessly!
You fail to use your ability.
You block the crocodile's attack.
You fail to use your ability.
The crocodile bites you!
You die...

## ## ##
#?)#.*$
$≈#.#.
#..≈# *
##≈.t##
#.≈≈@.#
#.≈≈..##
#...#...#
*#..###..##
#..≈* #≈..#
#≈. ##≈.#
#. #≈.# #..
#..# #≈≈#
##..#


You could see a crocodile.

Vanquished Creatures
  A river rat (D:3)
  An ooze (D:2)
  2 leopard geckos
  A giant cockroach (D:3)
  2 hobgoblins
  2 jackals (Sewer)
  A quokka (D:2)
  A bat (D:1)
  3 kobolds (Sewer)
  5 rats
19 creatures vanquished.

Notes
Turn   | Place    | Note
-------+----------+-------------------------------------------
     0 | D:1      | EnegeticOcto the Deep Dwarf Fighter began the quest for the
                  | Orb.
     0 | D:1      | Reached XP level 1. HP: 20/20 MP: 1/1
   239 | D:2      | Reached XP level 2. HP: 27/27 MP: 2/2
   338 | D:3      | Found a glowing drain.
   356 | Sewer    | Entered a sewer
   360 | Sewer    | Reached XP level 3. HP: 23/34 MP: 3/3
   408 | Sewer    | Noticed a crocodile
   417 | Sewer    | HP: 1/34 [crocodile (4)]
   419 | Sewer    | Mangled by a crocodile

Levels and vault maps discovered:
D:1:      heliophobic_arrival_enchanted_forest, layout_basic
D:2:      layout_loops_corners, elyvilon_altar_4
D:3:      layout_basic, chequers_temple_overflow_statue_of_worship,
          portal_sewer_entry_a, uniq_terence
Sewer:    sewer_the_crocodile

Skill      XL: |  1  2 |
---------------+-------+-----
Fighting       | 3 |  3.1
Axes           | |  2.9
Armour         | |  3.5
Shields        | |  3.5

Action                   || total
-------------------------++-------
Melee: War axe           ||    90
 Abil: Heal Wounds       ||     1
Armor: Scale mail        ||    13
       Chain mail        ||    28
Dodge: Dodged            ||    21
Block: Kite shield       ||    69

Table legend:
 A = Non-vault XP
 B = Vault XP
 C = Vault XP percentage of total XP
 D = Non-vault monster count
 E = Vault monster count
 F = Vault count percentage of total count
                 A         B        C        D         E       F
            +---------+---------+-------+---------+---------+-------
      Total |      24 |      25 |  51.0 |      11 |       8 |  42.1
            +---------+---------+-------+---------+---------+-------
        D:1 |       8 |       0 |   0.0 |       5 |       0 |   0.0
        D:2 |      13 |       0 |   0.0 |       4 |       0 |   0.0
        D:3 |       3 |      16 |  84.2 |       2 |       3 |  60.0
      Sewer |       0 |       9 | 100.0 |       0 |       5 | 100.0
            +---------+---------+-------+---------+---------+-------
